 Dungeon Crawl Stone Soup version 0.30-a0-463-g4188047c90 (webtiles) character file.

Game seed: 14754246260672776119

2 M4edhros the Charlatan (level 1, -2/13 HPs)
             Began as an Octopode Artificer on Dec 17, 2022.
             Slain by a hobgoblin (5 damage)
             ... on level 1 of the Dungeon.
             The game lasted 00:00:12 (39 turns).

M4edhros the Charlatan (Octopode Artificer)           Turns: 39, Time: 00:00:13

Health: -2/13      AC:  1    Str: 11    XL:     1   Next: 40%
Magic:  1/1        EV: 13    Int: 13    God:
Gold:   0          SH:  0    Dex: 12    Spells: 0/0 levels left

rFire   . . .      SeeInvis .    (no weapon)
rCold   . . .      Faith    .    (no shield)
rNeg    . . .      Spirit   .    (helmet restricted)
rPois   .          Reflect  .    (no amulet)
rElec   .          Harm     .    (no ring)
rCorr   .          Rampage  .    (no ring)
Will    .....                    (no ring)
Stlth   +++.......               (no ring)
HPRegen 0.22/turn                (no ring)
MPRegen 0.07/turn                (no ring)
                                 (no ring)
                                 (no ring)

@: no status effects
A: almost no armour, amphibious, 8 rings, camouflage 1, gelatinous body 1,
(nimble swimmer 1), tentacles
a: no special abilities


You were on level 1 of the Dungeon.
You visited 1 branch of the dungeon, and saw 1 of its levels.

Inventory:

Wands
 b - a wand of flame (15) (quivered)
 c - a wand of charming (15)
 d - a wand of iceblast (5)


   Skills:
 - Level 1.0 Fighting
 * Level 2.4 Dodging
 + Level 1.5 Stealth
 + Level 3.3 Evocations


You couldn't memorise any spells.
You didn't know any spells.
Your spell library was empty.

Dungeon Overview and Level Annotations

Branches:
Dungeon (1/15)

Altars:


Innate Abilities, Weirdness & Mutations

You cannot wear most types of armour.
You are amphibious.
You can wear up to eight rings at the same time.
Your skin changes colour to match your surroundings (Stealth+).
Your rubbery body absorbs attacks. (AC +1, EV +1)
((You are camouflaged when in or above water. (Stealth+)))
You have tentacles for arms and can constrict up to eight enemies at once.


Message History

A smirking vizier told you that the Orb of Zot is just within this dungeon.
Press ? for a list of commands and other information.
Found a staircase leading out of the dungeon.
A quokka comes into view.
A quokka is nearby!
A goblin comes into view. It is wielding a +0 club.
There are monsters nearby!
The goblin shouts!
You hear a shout!
You are now empty-tentacled.
You drop a +0 club.
The quokka bites you.
The quokka twitches its whiskers.
You barely miss the quokka. Your grab misses the quokka.
The quokka bites you. x2
You closely miss the quokka. Your grab misses the quokka.
Your squeeze misses the quokka. The quokka misses you.
A hobgoblin comes into view.
You tentacle-slap the quokka but do no damage.
You grab the quokka. You constrict the quokka. The quokka bites you.
* * * LOW HITPOINT WARNING * * *
You barely miss the quokka.
The quokka is lightly wounded.
You constrict the quokka. The quokka barely misses you.
You tentacle-slap the quokka but do no damage.
You squeeze the quokka.
You kill the quokka!
You closely miss the goblin. You grab the goblin. You constrict the goblin.
The goblin misses you.
You tentacle-slap the goblin.
You kill the goblin!
You tentacle-slap the hobgoblin. You grab the hobgoblin.
You squeeze the hobgoblin.
The hobgoblin is moderately wounded.
You constrict the hobgoblin, but do no damage.
The hobgoblin closely misses you.
You barely miss the hobgoblin.
The hobgoblin is moderately wounded.
You constrict the hobgoblin. The hobgoblin barely misses you.
You tentacle-slap the hobgoblin but do no damage.
The hobgoblin is heavily wounded.
You constrict the hobgoblin, but do no damage.
The hobgoblin hits you.
You die...

####.### #......#
.....##.#.#######
..## #.#.......#
..#.....#.#
####.###.#
#.....# #
#.##..#.#
#.@g....#
#.##).#.....
...##........
####..........
.###.##### #. .#
# .# .#


You could see a hobgoblin.

Vanquished Creatures
  A goblin (D:1)
  A quokka (D:1)
2 creatures vanquished.

Notes
Turn   | Place    | Note
-------+----------+-------------------------------------------
     0 | D:1      | M4edhros the Octopode Artificer began the quest for the
                  | Orb.
     0 | D:1      | Reached XP level 1. HP: 13/13 MP: 1/1
    39 | D:1      | Slain by a hobgoblin

Illustrated notes

Levels and vault maps discovered:
D:1:      pf_arrival_petrified_forest, layout_loops_cross, serial_bayou_pond_a

Action                   || total
-------------------------++-------
Melee: Unarmed           ||    10
       Constrict         ||     3
       Tentacles         ||     2
Dodge: Dodged            ||     5

Table legend: (Time is in decaauts)
 A = Elapsed time spent in this place.
 B = Non-inter-level travel time spent in this place.
 C = Inter-level travel time spent in this place.
 D = Time resting spent in this place.
 E = Time spent auto-exploring this place.
 F = Levels seen in this place.
 G = Mean time per level.
                   A        B        C        D        E       F      G
               +--------+--------+--------+--------+--------+-----+--------+
         Total |     39 |     39 |      0 |      0 |     23 |   1 |   39.0 |
       Dungeon |     39 |     39 |      0 |      0 |     23 |   1 |   39.0 |
               +--------+--------+--------+--------+--------+-----+--------+

Top non-repeatable levels by time:
     D:1: 39 daAuts
